Map: Eternal Empire LE

Players

GeneralBlack - Winner!

  • Race: Terran Terran
  • League: Diamond
  • Spawn Location: 7:00

VOD

Have the link to the VOD?

Description

A little thing that came to mind. Note im only a 4,4k EUW player.
Heavy All-IN with Slow Marauder, Marines and SCV pull, disguised as an ordinary reaper expand at first.

Time

  • Played on: June 5, 2020, 9:05 a.m.
  • Length: 3:37
Show
View Real Time Build Order
Export as new Build Order

GeneralBlack Terran - Winner!

Build Orders:  

Get SALT Encoding   

  12  0:02  SCV  
  12  0:15  SCV  
  12  0:18  Supply Depot  
  12  0:27  SCV  
  12  0:40  Barracks  
  12  0:41  Refinery  
  12  0:55  Barracks  
  12  0:58  SCV  
  12  1:10  SCV  
  12  1:27  Orbital Command  
  12  1:33  Barracks Tech Lab  
  12  1:43  Barracks  
  12  1:44  Marine  
  12  1:53  Marauder  
  12  1:59  Supply Depot  
  12  2:04  Marine  
  12  2:14  Marauder  
  12  2:20  SCV  
  12  2:23  Marine  
  12  2:28  Concussive Shells  
  12  2:31  Supply Depot, Marine  
  12  2:34  SCV  
  12  2:35  Marauder  
  12  2:42  Marine  
  12  2:48  SCV  
  12  2:52  Marine  
  12  2:57  Marauder  
  12  2:58  Supply Depot  
  12  3:03  Marine  
  12  3:11  Marine  
Tags
 
Add a new tag
Caveats
  • Supply blocks, unpowered buildings, or Contaminate may cause inaccurate times.
  • Supply counts are checked every 10 seconds.